 Dungeon Crawl Stone Soup version 0.19-a0-376-gf780d9b (webtiles) character file.

215 Kidiri the Firebug (level 5, -1/28 HPs)
             Began as a Deep Elf Fire Elementalist on May 30, 2016.
             Was an Initiate of Vehumet.
             Slain by an iguana (5 damage)
             ... on level 4 of the Dungeon.
             The game lasted 00:09:47 (3042 turns).

Kidiri the Firebug (Deep Elf Fire Elementalist)     Turns: 3042, Time: 00:09:48

Health: -1/28      AC:  2    Str:  5    XL:     5   Next: 60%
Magic:  8/13       EV: 18    Int: 21    God:    Vehumet [......]
Gold:   114        SH:  0    Dex: 20    Spells: 4 memorised, 4 levels left

rFire  + . .     SeeInvis .     d - +1 dagger
rCold  x . .     Gourm    .     a - +0 robe
rNeg   . . .     Faith    .     (no shield)
rPois  .         Spirit   .     (no helmet)
rElec  .         Dismiss  .     (no cloak)
rCorr  .         Reflect  .     (no gloves)
SustAt .         Harm     .     (no boots)
MR     .....                    (no amulet)
Stlth  +++.......               (no ring)
                                n - ring of fire

@: agile, not resistant to hostile enchantments, fairly stealthy
A: no striking features
a: Renounce Religion


You were on level 4 of the Dungeon.
You worshipped Vehumet.
Vehumet was noncommittal.
You were not hungry.

You visited 2 branches of the dungeon, and saw 5 of its levels.

You collected 114 gold pieces.

Inventory:

Hand Weapons
 d - a +1 dagger (weapon)
Armour
 a - a +0 robe (worn)
 f - a +0 leather armour
Jewellery
 n - a ring of fire (left hand)
Scrolls
 i - a scroll of amnesia
 l - 2 scrolls of remove curse
Potions
 h - a potion of resistance
 j - a potion of lignification
Books
 b - a book of Flames

   Spells                             Type                      Level
   a - Flame Tongue                   Conjuration/Fire             1
   b - Throw Flame                    Conjuration/Fire             2
   c - Conjure Flame                  Conjuration/Fire             3
   d - Inner Flame                    Hexes/Fire                   3
   e - Sticky Flame                   Conjuration/Fire             4
   f - Fireball                       Conjuration/Fire             5
Comestibles
 c - 3 bread rations
 g - a slice of pizza
 k - a meat ration
 q - 3 fruits


   Skills:
 + Level 0.1 Fighting
 + Level 0.2 Short Blades
 + Level 0.1 Armour
 + Level 2.6 Dodging
 - Level 2.4 Stealth
 + Level 4.6 Spellcasting
 + Level 2.7 Conjurations
 * Level 5.5 Fire Magic


You had 4 spell levels left.
You knew the following spells:

 Your Spells              Type           Power        Failure   Level  Hunger
a - Flame Tongue          Conj/Fire      ####.        1%          1    None
b - Throw Flame           Conj/Fire      ####..       3%          2    #......
c - Conjure Flame         Conj/Fire      ####....     10%         3    ##.....
d - Inner Flame           Hex/Fire       ###.....     14%         3    ##.....


Dungeon Overview and Level Annotations

Branches:
Dungeon (4/15)             Temple (1/1) D:4

Altars:
Elyvilon
Hepliaklqana
Makhleb
Nemelex Xobeh
Ru
Ukayaw
Vehumet
Yredelemnul
The Shining One


Message History

Press: ? - help, Shift-Dir - straight line, f/p - iguana
Aim: an iguana You feel a surge of power!
The flame tongue misses the iguana.
The flame tongue misses the howler monkey.
The howler monkey hoots and howls with incredible vigour!
The iguana bites you!
You hear a shout! x4
Casting: Flame Tongue
Confirm with . or Enter, or press ? or * to list all spells.
Aiming: Flame Tongue
Press: ? - help, Shift-Dir - straight line, f/p - iguana
Aim: an iguana You feel a surge of power!
The flame tongue hits the iguana.
The iguana appears unharmed.
The iguana bites you!
* * * LOW HITPOINT WARNING * * *
Unknown command.
Okay, then.
You feel agile all of a sudden. The iguana bites you.
You die...

.... #.⌠.#...###....
.....#...#...# #....
#...........## ....
####......#).##....
#####...#......#
#.#.#......#
#...#......#
#######........#
#.@lh..........#
.......#######.)....#
...#### ......# .
#######


You could see a howler monkey and an iguana.

Vanquished Creatures
  A scorpion (D:4)
  3 orc wizards
  4 adders
  A giant gecko (D:1)
  3 orcs (D:3)
  2 giant cockroaches
  3 goblins
  6 hobgoblins
  5 kobolds
  3 ball pythons (D:1)
  4 bats
  3 giant newts
  11 rats
49 creatures vanquished.

Notes
Turn   | Place    | Note
--------------------------------------------------------------
     0 | D:1      | Kidiri the Deep Elf Fire Elementalist began the quest for the Orb.
     0 | D:1      | Reached XP level 1. HP: 10/10 MP: 6/6
   336 | D:1      | Reached XP level 2. HP: 15/15 MP: 8/8
   343 | D:1      | Learned a level 2 spell: Throw Flame
   821 | D:1      | Reached skill level 4 in Fire Magic
  1274 | D:2      | Reached XP level 3. HP: 19/19 MP: 2/10
  1279 | D:2      | Learned a level 3 spell: Conjure Flame
  1283 | D:2      | Learned a level 3 spell: Inner Flame
  1635 | D:3      | Found a burning altar of Makhleb.
  1799 | D:3      | Found a basalt altar of Yredelemnul.
  2157 | D:3      | Reached XP level 4. HP: 24/24 MP: 7/11
  2274 | D:3      | Found a sacrificial altar of Ru.
  2302 | D:3      | Reached skill level 5 in Fire Magic
  2726 | D:4      | Reached XP level 5. HP: 28/28 MP: 9/13
  2757 | D:4      | Found a staircase to the Ecumenical Temple.
  2778 | Temple   | Entered the Ecumenical Temple
  2862 | Temple   | Became a worshipper of Vehumet
  3042 | D:4      | Slain by an iguana

Vault maps used:
D:1:      co_arrival_square_in_a_square_in_a_square, serial_bayou,
          serial_bayou_pond_b, serial_bayou_ford_a, serial_bayou_pond_c,
          serial_bayou_pond_c, nrook_mini_backslash, minmay_misc_feat_chi,
          st_stairs_13
D:2:      minmay_door_square
D:3:      nicolae_overflow_crystal_walls, hangedman_ru_absence,
          lemuel_round_altar, minmay_misc_feat_hallway
D:4:      grunt_temple_overflow_cloverleaf, minmay_temple_entry_junction2,
          first_bread, grunt_qazlal_sundering, uniq_pikel, uniq_natasha
Temple:   circular_temple_6

Skill      XL: |  1  2  3  4 |
---------------+-------------+-----
Fire Magic     | 4 5 |  5.5
Spellcasting   | 4 |  4.6
Conjurations   | 2 |  2.7
Fighting       | |  0.1
Short Blades   | |  0.2
Armour         | |  0.1
Dodging        | |  2.6
Stealth        | |  2.4

Action                   |  1- 3 |  4- 6 || total
-------------------------+-------+-------++-------
Melee: Dagger            |     6 |       ||     6
 Cast: Flame Tongue      |    26 |    25 ||    51
       Throw Flame       |    27 |     5 ||    32
  Use: Scroll            |     8 |       ||     8
       Potion            |       |     1 ||     1
 Stab: Sleeping          |     1 |       ||     1
  Eat: Chunk             |     5 |     2 ||     7
Armor: Robe              |     5 |     1 ||     6
Dodge: Dodged            |     9 |     1 ||    10
